 Dungeon Crawl Stone Soup version 0.32-a0-306-gfed3edf829 (webtiles) character file.

Game seed: 5490555277514141611

121 Newt the Slasher (level 4, 0/35 HPs)
             Began as a Demonspawn Gladiator on Feb 15, 2024.
             Slain by a ribbon worm (6 damage)
             ... on level 2 of the Dungeon.
             The game lasted 00:01:30 (1525 turns).

Newt the Slasher (Demonspawn Gladiator)             Turns: 1525, Time: 00:01:30

Health: 0/35       AC:  4    Str: 14    XL:     4   Next: 77%
Magic:  4/4        EV: 12    Int:  8    God:
Gold:   68         SH:  0    Dex: 17    Spells: 3/3 levels left

rFire   . . .        a - +0 long sword
rCold   . . .        (no shield)
rNeg    . . .        b - +0 leather armour
rPois   .            c - +0 helmet
rElec   .            (no cloak)
rCorr   .            (no gloves)
SInv    .            (no boots)
Will    .....        (no amulet)
Stlth   +            (no ring)
HPRegen 0.25/turn    (no ring)
MPRegen 0.09/turn

%: no passive effects
@: no status effects
A: spiny 1
a: no special abilities


You were on level 2 of the Dungeon.
You visited 1 branch of the dungeon, and saw 2 of its levels.

You collected 96 gold pieces.
You spent 28 gold pieces at shops.

Inventory:

Hand Weapons
 a - a +0 long sword (weapon)
Armour
 b - a +0 leather armour (worn)
 c - a +0 helmet (worn)
Scrolls
 f - a scroll of enchant weapon {unknown}
 g - a scroll of butterflies
 k - 2 scrolls of vulnerability
Potions
 h - a potion of degeneration {unknown}
 i - 2 potions of mutation {unknown}
 j - a potion of brilliance {unknown}
 l - a potion of curing {unknown}
 m - a potion of heal wounds {unknown}
 n - a potion of cancellation {unknown}
 o - a potion of lignification {unknown}


   Skills:
 + Level 3.3 Fighting
 * Level 4.4 Long Blades
 - Level 1.7 Throwing
 - Level 2.6 Dodging


You had 3 spell levels left.
You didn't know any spells.
Your spell library contained the following spells:

 Spells                   Type           Power      Damage    Failure   Level
 Freeze                   Ice            0%         1d3       50%         1
 Frozen Ramparts          Ice            0%         1d1       86%         3
 Hailstorm                Conj/Ice       0%         3d5       86%         3


Dungeon Overview and Level Annotations

Branches:
Dungeon (2/15)

Altars:

Shops:
D:1 *


Innate Abilities, Weirdness & Mutations

You are partially covered in sharp spines.


Message History

Aim: an iguana (severely wounded, 61% to hit)
You throw a javelin.
The javelin pierces through the iguana but does no damage.
The iguana is severely wounded.
The javelin pierces through the ribbon worm but does no damage.
The ribbon worm is heavily wounded.
The ribbon worm struggles against the net.
The iguana misses you.
Unknown command.
Unknown command.
Throw: throwing net
Press: ? - help, Q - select action Shift-Dir - straight line, f/p - iguana
Aim: an iguana (severely wounded, 61% to hit)
You throw a throwing net. The throwing net hits the iguana.
The iguana is caught in the net!
The iguana is severely wounded.
The ribbon worm struggles against the net.
The net rips apart, and the ribbon worm comes free!
The iguana struggles against the net.
Unknown command.
You hit the iguana.
The iguana is severely wounded.
The iguana struggles against the net.
You hit the iguana.
You kill the iguana!
You slash the ribbon worm!
The ribbon worm is severely wounded.
The ribbon worm expels a string of sticky webbing.
The stream of webbing hits you but does no damage.
You are caught in a web!
The web tears apart.
The ribbon worm bites you but does no damage.
You hit the ribbon worm.
The ribbon worm is almost dead.
An adder comes into view.
The adder hisses angrily.
You hit the ribbon worm but do no damage.
The ribbon worm is almost dead.
The ribbon worm bites you.
You die...

#... ..# .(# #.# ..#
#.# ... #.# ## #S#
#.#
....###.##########.#
#.$..(...........#
#w####.##.##.#
#@####.#...#.#
#............#
######.#...###
#.##.## #.##.#
#.##.########
#............
#.##########. #.# #.


You could see a ribbon worm (catching breath) and an adder.

Vanquished Creatures
  An iguana (D:2)
  A gnoll (D:1)
  2 adders (D:2)
  A ribbon worm (D:2)
  A dart slug (D:1)
  9 endoplasms
  2 goblins
  A hobgoblin (D:2)
  4 kobolds
  3 quokkas
  2 ball pythons (D:1)
  2 bats
  A frilled lizard (D:1)
  7 rats
37 creatures vanquished.

Notes
Turn   | Place    | Note
-------+----------+-------------------------------------------
     0 | D:1      | Newt the Demonspawn Gladiator began the quest for the Orb.
     0 | D:1      | Reached XP level 1. HP: 16/16 MP: 1/1
   158 | D:1      | Found a faded altar of an unknown god.
   174 | D:1      | Reached skill level 3 in Long Blades
   206 | D:1      | Gained mutation: You are partially covered in sharp spines.
                  | [demonic ancestry]
   206 | D:1      | Reached XP level 2. HP: 11/22 MP: 2/2
   517 | D:1      | Reached XP level 3. HP: 27/28 MP: 3/3
   684 | D:1      | Found Enithrain's General Store.
   688 | D:1      | Bought a scroll of identify for 28 gold pieces
  1099 | D:2      | Reached XP level 4. HP: 31/35 MP: 4/4
  1157 | D:2      | Reached skill level 4 in Long Blades
  1525 | D:2      | Slain by a ribbon worm

Illustrated notes

Levels and vault maps discovered:
D:1:      ldierk_walled_garden, layout_loops_corners,
          chequers_ecumenical_altar_simple_redux, serial_shops,
          nicolae_shop_behind_doors
D:2:      layout_loops_ring, uniq_crazy_yiuf_cottage

Skill      XL: |  1  2  3  4 |
---------------+-------------+-----
Long Blades    | 3 4 |  4.4
Fighting       | 3 |  3.3
Throwing       | |  1.7
Dodging        | |  2.6

Action                     |  1- 3 |  4- 6 || total
---------------------------+-------+-------++-------
  Melee: Long sword        |    57 |    22 ||    79
  Throw: Throwing net      |       |     3 ||     3
         Javelin           |       |     1 ||     1
    Use: Scroll            |       |     2 ||     2
   Stab: Distracted        |     1 |       ||     1
         Sleeping          |       |     1 ||     1
 Armour: Leather armour    |    30 |    15 ||    45
  Dodge: Dodged            |    29 |     8 ||    37

Table legend: (Time is in decaauts)
 A = Elapsed time spent in this place.
 B = Non-inter-level travel time spent in this place.
 C = Inter-level travel time spent in this place.
 D = Time resting spent in this place.
 E = Time spent auto-exploring this place.
 F = Levels seen in this place.
 G = Mean time per level.
                   A        B        C        D        E       F      G
               +--------+--------+--------+--------+--------+-----+--------+
         Total |   1545 |   1495 |     50 |    145 |   1123 |   2 |  772.5 |
       Dungeon |   1545 |   1495 |     50 |    145 |   1123 |   2 |  772.5 |
               +--------+--------+--------+--------+--------+-----+--------+

Top non-repeatable levels by time:
     D:1: 1109 daAuts
     D:2: 435 daAuts
